 Dungeon Crawl Stone Soup version 0.31.0-11-ge490571c62 (webtiles) character file.

Game seed: 16276703228166091951

621981 dakkaduck the Conqueror (level 26, -3/266 HPs)
             Began as a Minotaur Berserker on Feb 2, 2024.
             Was a High Priest of Trog.
             Killed from afar by a red draconian scorcher (22 damage)
             ... with a bolt of fire
             ... led by a red draconian scorcher
             ... while paralysed
             ... on level 4 of the Realm of Zot.
             The game lasted 02:30:36 (63476 turns).

dakkaduck the Conqueror (Minotaur Berserker)       Turns: 63476, Time: 02:30:37

Health: -3/266     AC: 61    Str: 38      XL:     26   Next: 54%
Magic:  22/22      EV:  2    Int:  0 (1)  God:    Trog [*****.]
Gold:   4394       SH:  0    Dex:  7      Spells: 25/25 levels left

rFire   + . .        t - +9 broad axe (protect)
rCold   + . .        p - +1 tower shield {AC+3}
rNeg    + + .        d - +14 crystal plate armour
rPois   .            V - +1 hat
rElec   .            g - scarf of Niul {harm, Str+3}
rCorr   .            M - +0 pair of gloves
SInv    +            J - +1 pair of boots
Will    ++...        C - amulet of Wilyd {Reflect rC+ rN+ Dex-2 Slay+3 SH+5} Stlth
                     X - ring of positive energy
HPRegen 0.64/turn    P - ring "Xedets" {rF+ AC+4 Int-3 SInv}
MPRegen 0.18/turn

%: harm (+30% outgoing, +20% incoming), reflection
@: paralysed, corroded, under a protective aura, on berserk cooldown, slowed,
lost intelligence, studying 3 skills, unable to read
A: horns 2, retaliatory headbutt, iridescent scales 2, deterioration 1,
strong-willed 1, screaming 1
}: 4/15 runes: decaying, serpentine, silver, abyssal
a: Renounce Religion, Berserk, Trog's Hand, Brothers in Arms


You were on level 4 of the Realm of Zot.
You worshipped Trog.
Trog was extremely pleased with you.
You visited 12 branches of the dungeon, and saw 53 of its levels.
You visited the Abyss 1 time.
You also visited: Sewer, Gauntlet and Desolation.

You collected 7622 gold pieces.
You spent 3228 gold pieces at shops.

Inventory:

Hand Weapons
 t - a +9 broad axe of protection (weapon)
 O - the +11 war axe "Peejui" {flame, Str+3}
   (Trog gifted it to you on level 2 of the Orcish Mines)

   Str+3:     It affects your strength (+3).
Missiles
 N - 30 boomerangs (quivered)
Armour
 d - a +14 crystal plate armour (worn)
 g - the scarf of Niul (worn) {harm, Str+3}
   (You bought it in a shop on level 1 of the Depths)

   Str+3:     It affects your strength (+3).
 p - a +1 tower shield of protection (worn)
 G - the +2 shield of Resistance {rF++ rC++ Will++}
   (You found it on level 5 of the Vaults)

   rF++:      It greatly protects you from fire.
   rC++:      It greatly protects you from cold.
   Will++:    It greatly increases your willpower.
 J - a +1 pair of boots (worn)
 M - a +0 pair of gloves (worn)
 V - a +1 hat (worn)
Jewellery
 k - the dreamdust necklace {Acrobat}
   (You found it on level 3 of the Vaults)

   [amulet of the acrobat]

   Acrobat:   It increases your evasion while moving and waiting.
 v - the ring "Kauf" {Ice Str+2}
   (You took it off Josephina on level 2 of the Realm of Zot)

   [ring of ice]

   Ice:       It enhances your ice magic.
   Str+2:     It affects your strength (+2).
   rF-:       It makes you vulnerable to fire.
   rC+:       It protects you from cold.
 B - the ring of Xom's Full Attention {rF+ Dex+2 SInv}
   (You bought it in a shop on level 2 of the Orcish Mines)

   [ring of protection from fire]

   Dex+2:     It affects your dexterity (+2).
   rF+:       It protects you from fire.
   SInv:      It lets you see invisible.
 C - the amulet of Wilyd (around neck) {Reflect rC+ rN+ Dex-2 Slay+3 SH+5}
   (You found it in a Gauntlet)

   [amulet of reflection]

   Reflect:   It reflects blocked missile attacks.
   Dex-2:     It affects your dexterity (-2).
   Slay+3:    It affects your accuracy & damage with ranged weapons and melee
   (+3).
   rC+:       It protects you from cold.
   rN+:       It protects you from negative energy.
   SH+5:      It affects your SH (+5).
 P - the ring "Xedets" (right hand) {rF+ AC+4 Int-3 SInv}
   (You found it in a Gauntlet)

   [ring of protection]

   AC+4:      It affects your AC (+4).
   Int-3:     It affects your intelligence (-3).
   rF+:       It protects you from fire.
   SInv:      It lets you see invisible.
 R - the ring "Icry" {rPois rF- rC+ Dex+7}
   (You found it on level 8 of the Dungeon)

   [ring of protection from cold]

   Dex+7:     It affects your dexterity (+7).
   rF-:       It makes you vulnerable to fire.
   rC+:       It protects you from cold.
   rPois:     It protects you from poison
 W - the ring "Tykergha" {rPois rN++ Str-4 Slay+4 SInv}
   (You found it on level 2 of the Realm of Zot)

   [ring of slaying]

   Str-4:     It affects your strength (-4).
   Slay+4:    It affects your accuracy & damage with ranged weapons and melee
   (+4).
   rPois:     It protects you from poison rN++: It greatly protects you from
   negative energy.
   SInv:      It lets you see invisible.
 X - a ring of positive energy (left hand)
Wands
 b - a wand of mindburst (45)
 m - a wand of polymorph (58)
 y - a wand of charming (43)
 I - a wand of acid (26)
 L - a wand of iceblast (89)
 Z - a wand of digging (15)
Scrolls
 c - 6 scrolls of revelation
 h - 10 scrolls of poison
 i - 2 scrolls of torment
 j - 3 scrolls of noise
 l - 6 scrolls of enchant weapon
 r - 26 scrolls of identify {@r1}
 A - 4 scrolls of silence
 D - a scroll of butterflies
 F - 9 scrolls of fear
 K - 4 scrolls of vulnerability
 S - 6 scrolls of fog
 T - 6 scrolls of teleportation
 Y - 6 scrolls of immolation
Potions
 a - 3 potions of resistance
 e - 4 potions of ambrosia
 n - 7 potions of haste
 o - 2 potions of cancellation
 q - 14 potions of curing
 u - 8 potions of attraction
 w - 2 potions of heal wounds
 x - 2 potions of invisibility
 z - 8 potions of mutation
 E - 4 potions of enlightenment
 H - 7 potions of might
 Q - 10 potions of lignification
Miscellaneous
 f - a phantom mirror
 s - a sack of spiders
 U - a lightning rod (4/4)


   Skills:
 O Level 27 Fighting
 O Level 27 Axes
 * Level 13.1 Throwing
 O Level 27 Armour
 * Level 20.3 Dodging
 O Level 27 Shields


You had 25 spell levels left.
You didn't know any spells.
Your spell library contained the following spells:

 Spells                   Type           Power      Damage    Failure   Level
 Sublimation of Blood     Necr           0%         N/A       99%         2
 Petrify                  Alch/Erth      0%         N/A       100%        4
 Irradiate                Conj/Alch      0%         3d11      100%        5


Dungeon Overview and Level Annotations

Branches:
Dungeon (15/15)            Temple (0/1) D:6            Lair (5/5) D:9
  Swamp (4/4) Lair:3        Snake (4/4) Lair:3        Slime (5/5) Lair:5
    Orc (2/2) D:12            Elf (3/3) Orc:2        Vaults (5/5) D:13
  Crypt (1/3) Vaults:3     Depths (4/4) D:15           Hell (visited)
    Zot (4/5) Depths:4      Sewer (visited)         Desolation (visited)
Gauntlet (visited)
    Dis: Hell:1         Geh: Hell:1         Coc: Hell:1         Tar: Hell:1

Altars:
Ashenzari
Dithmenos
Elyvilon
Kikubaaqudgha
Qazlal
Uskayaw
Vehumet
Wu Jian
Zin
Jiyva

Shops:
D:6 *   D:13 :   D:14 [   D:15 :*   Orc:1 *   Orc:2 (([=   Elf:1 ?   Elf:2 [
Snake:2 ?   Snake:4 (   Vaults:1 :   Vaults:2 *   Depths:1 [   Depths:3 *

Portals:
Hell: Depths:1 Depths:2 Depths:3 Depths:4
Abyss: Depths:3
Pandemonium: Depths:2
Ziggurat: Depths:4

Annotations:
Lair:2 2 transporters, 7tar4e's ghost, journeyman TrFi
Slime:5 Royal Jelly
Vaults:4 2 transporters
Hell Geryon


Innate Abilities, Weirdness & Mutations

You have a pair of horns on your head.
You reflexively headbutt those who attack you in melee.
You are mostly covered in iridescent scales. (AC +4)
Your body sometimes deteriorates upon taking damage.
You are strong-willed. (Will+)
You occasionally shout uncontrollably at your foes.


Message History

The red draconian breathes fire at you.
The searing blast hits you but does no damage.
The yellow draconian spits acid at you.
You block the glob of acid... and reflect it back!
The glob of acid hits the yellow draconian.
The acid splashes onto the moth of wrath!
The moth of wrath is splashed with acid.
The acid corrodes the moth of wrath!
The acid splashes onto the red draconian scorcher!
The red draconian scorcher is splashed with acid!
The acid corrodes the red draconian scorcher!
The acid splashes onto you!
You are splashed with acid!
* * * LOW HITPOINT WARNING * * *
You kill the yellow draconian!
Trog accepts your kill.
A black draconian comes into view. It is wielding a +0 scimitar.
You block the moth of wrath's attack.
The yellow draconian annihilator mumbles some strange words.
The yellow draconian annihilator blinks!
The black draconian breathes lightning at you.
The bolt of lightning hits you!!
* * * LOW HITPOINT WARNING * * *
Your body deteriorates!
You feel dopey.
You have lost your intelligence.
The moth of wrath completely misses you.
The red draconian scorcher is engulfed in blazing flames.
The red draconian scorcher hits you but does no damage. x2
The yellow draconian spits acid at you. The glob of acid hits you.
* * * LOW HITPOINT WARNING * * *
The acid corrodes you!
The yellow draconian annihilator mumbles some strange words.
The yellow draconian annihilator blinks!
A moth of wrath comes into view.
The moth of wrath's fur bristles in rage as it notices you.
You hear a roar! x2
The moth of wrath bites you but does no damage.
The red draconian scorcher is engulfed in blazing flames.
The red draconian scorcher casts a spell at you.
The bolt of fire hits you!! You resist.
You die...

..... #....# .... #....#
... #....# .. #....# ##
#d #..########
##..##.###+###..###....#
....q.).).........).....
...○..)qq...............
.......@y.....^^...<....
#.§...........>.........
#d.........##...##[.....
'...........##...##......
..d........#............
######.....##..<........
#.....##...........
#.y.....<..........


You could see a black draconian (catching breath), a yellow draconian (catching
breath), a red draconian (catching breath), a yellow draconian annihilator, 2
draconians and 2 moths of wrath.

Vanquished Creatures
  A dread lich (Depths:2)
  An orb of fire (Zot:2)
  The ghost of Skimidon the Conqueror, a legendary OnAr of Hepliaklqana (Zot:2)
  4 ancient liches
  Mara (Depths:2)
  2 juggernauts
  Josephina (Zot:2)
  2 shard shrikes (Zot:2)
  8 Killer Klowns
  Saint Roka (Snake:4)
  Jory (Vaults:4)
  3 curse toes
  3 golden dragons
  4 caustic shrikes
  3 bone dragons (Zot:1)
  2 Tzitzimimeh
  3 doom hounds (Zot:1)
  A hellephant (Depths:1)
  2 electric golems
  14 tentacled monstrosities
  Jorgrun (Snake:3)
  2 walking crystal tomes (Depths:3)
  Grunn (Zot:1)
  Mlioglotl (Swamp:4)
  3 deep elf blademasters
  3 titans
  2 deep elf master archers (Elf:3)
  14 quicksilver dragons
  2 walking frostbound tomes (Depths:3)
  2 walking divine tomes (Depths:3)
  8 liches
  4 sphinxes
  Asterion (Depths:1)
  8 acid blobs
  6 death cobs
  Gastronok (Lair:1)
  Murray (Hell)
  5 tengu reavers
  A thorn hunter (Swamp:4)
  12 shadow dragons
  12 storm dragons
  Kirke (D:14)
  Aizul (Snake:1)
  6 draconian knights
  11 azure jellies
  Roxanne (Swamp:3)
  9 rockslimes
  6 draconian monks
  2 protean progenitors (Zot:1)
  5 nagarajas
  19 vault wardens
  5 deep elf sorcerers
  3 frost giants
  6 fire giants
  2 iron dragons
  4 draconian shifters
  5 draconian stormcallers
  3 draconian scorchers
  3 ghost moths
  7 draconian annihilators
  4 deep elf elementalists (Elf:3)
  Louise (D:14)
  3 imperial myrmidons (Desolation)
  A cacodemon (Abyss:4)
  A spriggan defender (Depths:3)
  A curse skull (Depths:2)
  4 orc warlords
  4 reapers (Zot:1)
  7 quicksilver oozes
  An angel (Abyss:4)
  11 ironbound preservers
  21 very ugly things
  2 ophanim (Abyss:4)
  9 stone giants
  7 formless jellyfish
  A vampire knight (Depths:2)
  A putrid mouth (Zot:1)
  9 deep elf demonologists
  11 green draconians
  10 black draconians
  21 purple draconians
  13 deep elf death magi
  12 deep elf annihilators
  Azrael (Snake:1)
  A halazid warlock (Desolation)
  16 dire elephants
  9 eleionomae
  10 ironbound thunderhulks
  5 yellow draconians
  A minotaur (Gauntlet)
  6 red draconians
  10 white draconians
  3 bunyips
  6 spark wasps
  4 war gargoyles (Vaults:3)
  6 crystal guardians
  15 ettins
  An entropy weaver (Vaults:1)
  7 jiangshi
  12 yaktaur captains
  2 deep elf high priests
  7 fire dragons
  A shambling mangrove (Swamp:4)
  7 ice dragons
  4 servants of whispers (Desolation)
  5 great orbs of eyes
  4 ragged hierophants (Desolation)
  A catoblepas (Lair:4)
  35 vault guards
  13 peacekeepers
  An ogre mage (Vaults:4)
  2 rakshasas
  17 hydras
  2 salamander tyrants (Snake:4)
  14 anacondas
  A ghost crab (Swamp:3)
  4 two-headed ogres
  A merfolk aquamancer (Depths:2)
  6 spriggan air magi
  13 alligators
  10 centaur warriors
  An anaconda (shapeshifter) (Depths:3)
  34 dancing weapons
  A death yak (Lair:3)
  9 ironbound frosthearts
  A death knight (Vaults:3)
  5 deep troll shamans
  11 deep troll earth magi
  4 tengu warriors
  6 boulder beetles
  5 hell hogs
  6 orc high priests
  10 naga warriors
  5 vampire magi
  2 thrashing horrors (Abyss:4)
  10 soul eaters
  4 spriggan berserkers
  15 naga sharpshooters
  2 demonic crawlers (Hell)
  4 hell knights (Depths:3)
  5 shock serpents
  21 deep elf knights
  2 sun demons
  5 iron trolls
  2 sixfirhies (Abyss:4)
  A wretched star (Abyss:2)
  A shadow wraith (Vaults:5)
  A spriggan rider (Depths:3)
  A glowing orange brain (shapeshifter) (Vaults:5)
  2 salamander mystics (Snake:4)
  2 cherubim (Abyss:4)
  A deep troll (shapeshifter) (Depths:3)
  A sea snake (shapeshifter) (Depths:3)
  44 deep trolls
  A spatial maelstrom (Abyss:4)
  9 arcanists
  3 spriggan druids
  11 swamp dragons
  18 mana vipers
  3 glowing orange brains
  A goliath frog (Swamp:4)
  24 orc knights
  Pikel (D:4)
  A bog body (Swamp:1)
  12 deep elf archers
  A lindwurm (shapeshifter) (Vaults:5)
  18 lindwurms
  22 deep elf zephyrmancers
  25 ironbound convokers
  14 naga ritualists
  28 deep elf pyromancers
  5 necromancers
  50 ugly things
  A wolf spider (shapeshifter) (Vaults:4)
  A phantasmal warrior (Vaults:5)
  5 manticores
  A shining eye (shapeshifter) (Vaults:5)
  17 salamanders
  8 orc sorcerers
  6 kobold blastminers
  3 will-o-the-wisps
  5 cyclopes
  A worldbinder (Abyss:2)
  17 vault sentinels
  3 shining eyes
  A moth of wrath (shapeshifter) (Vaults:5)
  2 eyes of devastation (Slime:2)
  4 rust devils
  A meliai (shapeshifter) (D:14)
  12 elephants
  9 naga magi
  10 guardian serpents
  A molten gargoyle (Desolation)
  42 black mambas
  21 moths of wrath
  Maggie (D:6)
  14 cane toads
  2 gargoyles (D:13)
  A cane toad (shapeshifter) (D:14)
  2 large abominations (Gauntlet)
  7 kobold demonologists
  3 torpor snails
  An eye of devastation (shapeshifter) (Elf:1)
  A freezing wraith (Hell)
  An efreet (D:13)
  13 komodo dragons
  3 tormentors
  32 yaktaurs
  2 rime drakes
  3 ice devils
  A silent spectre (Depths:2)
  Psyche (D:8)
  6 trolls
  An ancient zyme (Abyss:2)
  A merfolk (shapeshifter) (Elf:3)
  18 hornets
  4 raiju (Abyss:2)
  A wolf spider simulacrum (D:15)
  A queen bee (shapeshifter) (Elf:1)
  46 saltlings (Desolation)
  3 dream sheep (Lair:5)
  Grinder (D:5)
  3 polar bears
  12 blink frogs
  11 tyrant leeches
  4 glass eyes
  6 air elementals
  90 slime creatures
  3 wyverns
  A shadow (D:10)
  9 small abominations
  25 spriggans
  3 water elementals
  Eustachio (D:6)
  A vampire (D:9)
  A wraith (D:11)
  75 yaks
  5 hogs (D:14)
  6 basilisks
  8 fire elementals
  6 wargs
  12 vampire mosquitoes
  Menkaure (D:7)
  A green draconian simulacrum (Zot:2)
  2 spatial vortices (Abyss:4)
  30 nagas
  9 swamp worms
  3 acid dragons
  23 water moccasins
  A hell hound (Snake:1)
  3 moth of wrath simulacra (Zot:2)
  Pargi (Sewer)
  29 orc warriors
  4 black bears (Lair:5)
  3 ice beasts
  4 laughing skulls (D:13)
  8 swamp drakes
  6 ogres
  9 boggarts
  43 wolves
  13 centaurs
  4 lemures (D:4)
  3 phantoms
  2 kobold brigands (D:12)
  10 bullfrogs
  A gnoll sergeant (D:8)
  2 earth elementals
  6 scorpions
  5 wights (D:9)
  5 killer bees (D:7)
  2 vampire bats (Lair:3)
  An electric eel (Lair:3)
  6 howler monkeys
  3 bombardier beetles
  6 hounds
  5 jellies
  20 orc priests
  Crazy Yiuf (D:2)
  A jelly (shapeshifter) (Elf:1)
  A gnoll bouda (D:10)
  3 sleepcaps (D:7)
  Jessica (D:3)
  Natasha (thrice) (D:3)
  Ijyb (D:3)
  21 orc wizards
  6 iguanas
  11 gnolls
  13 adders
  6 white imps
  2 ufetubi (D:5)
  2 ribbon worms
  4 dart slugs
  67 orcs
  6 endoplasms
  5 giant cockroaches
  10 goblins
  9 hobgoblins
  8 jackals
  7 kobolds
  4 quokkas
  6 ball pythons
  8 bats
  A frilled lizard (D:3)
  A rat (D:2)
  An aspiring flesh (Zot:1)
  A spectral weapon (Depths:1)
2243 creatures vanquished.

Vanquished Creatures (collateral kills)
  A dread lich (Vaults:5)
  Vashnia (Snake:4)
  A rockslime (Slime:2)
  A very ugly thing (Vaults:4)
  A spriggan defender (Depths:3)
  A putrid mouth (Zot:1)
  An ettin (Vaults:4)
  A vault guard (Vaults:5)
  A hydra (Swamp:4)
  3 anacondas (Snake:4)
  A boulder beetle (Lair:5)
  A dancing weapon (Elf:3)
  A shock serpent (Snake:4)
  3 hell knights (Depths:3)
  A naga sharpshooter (Snake:4)
  3 naga ritualists (Snake:4)
  3 mana vipers (Snake:4)
  A large abomination (Gauntlet)
  A deep elf archer (Elf:3)
  2 deep elf pyromancers (Elf:3)
  A deep elf zephyrmancer (Elf:3)
  2 shining eyes
  A guardian serpent (Snake:4)
  An eye of devastation (Slime:4)
  A tormentor (Zot:1)
  4 slime creatures (Slime:4)
  A water elemental (Elf:3)
  4 orc warriors
  A small abomination (Gauntlet)
  An orc priest (Orc:1)
  2 orc wizards
  3 orcs (Orc:1)
51 creatures vanquished.

Vanquished Creatures (others)
  A fire giant (Depths:4)
  A deep elf high priest (Elf:3)
  A lindwurm (Swamp:4)
  A moth of wrath (Zot:2)
  2 guardian serpents
  A bloated husk (Swamp:2)
  A basilisk (Zot:1)
  A human (Depths:2)
  A swamp worm (Swamp:2)
  A moth of wrath simulacrum (Zot:2)
  20 foxfires
31 creatures vanquished.

Grand Total: 2325 creatures vanquished

Notes
Turn   | Place    | Note
-------+----------+-------------------------------------------
     0 | D:1      | dakkaduck the Minotaur Berserker began the quest for the
                  | Orb.
     0 | D:1      | Reached XP level 1. HP: 19/19 MP: 0/0
   206 | D:1      | Reached XP level 2. HP: 26/26 MP: 1/1
   296 | D:1      | Reached skill level 5 in Axes
   461 | D:2      | Reached XP level 3. HP: 31/31 MP: 2/2
   576 | D:2      | Reached ** piety under Trog
   775 | D:2      | Found a runed translucent door.
   776 | D:2      | Noticed Crazy Yiuf
  1259 | D:2      | Killed Crazy Yiuf
  1260 | D:2      | Reached XP level 4. HP: 37/39 MP: 3/3
  1362 | D:3      | Noticed Jessica
  1369 | D:3      | Killed Jessica
  1451 | D:3      | Reached XP level 5. HP: 45/45 MP: 4/4
  1588 | D:3      | Noticed Ijyb
  1601 | D:3      | Killed Ijyb
  1651 | D:3      | Noticed Natasha
  1658 | D:3      | Killed Natasha
  1713 | D:3      | Found a broken altar of Ashenzari.
  1713 | D:3      | Noticed Natasha
  1724 | D:3      | Killed Natasha
  1879 | D:3      | Noticed Natasha
  1884 | D:3      | Killed Natasha
  1885 | D:3      | Reached XP level 6. HP: 50/51 MP: 5/5
  2054 | D:4      | Noticed an orc warrior
  2063 | D:4      | Killed an orc warrior
  2246 | D:4      | Reached XP level 7. HP: 57/57 MP: 6/6
  2253 | D:4      | Reached skill level 10 in Axes
  2415 | D:4      | Noticed Pikel
  2438 | D:4      | Killed Pikel
  2439 | D:4      | Reached XP level 8. HP: 48/64 MP: 7/7
  2733 | D:5      | Entered Level 5 of the Dungeon
  2810 | D:5      | Reached *** piety under Trog
  2826 | D:5      | Noticed Grinder
  2835 | D:5      | Killed Grinder
  3049 | D:5      | Reached XP level 9. HP: 70/70 MP: 8/8
  3267 | D:5      | Found a glowing drain.
  3418 | Sewer    | Entered a sewer
  3494 | Sewer    | Noticed Pargi
  3509 | Sewer    | Killed Pargi
  3510 | Sewer    | Reached skill level 15 in Axes
  3631 | D:6      | Noticed Eustachio
  3646 | D:6      | Killed Eustachio
  3889 | D:6      | Noticed Maggie
  3903 | D:6      | Killed Maggie
  4351 | D:6      | Found a staircase to the Ecumenical Temple.
  4407 | D:6      | Found a white marble altar of Elyvilon.
  4420 | D:6      | Found Ryhangeh's General Store.
  4998 | D:7      | Reached XP level 10. HP: 77/77 MP: 9/9
  5189 | D:7      | Reached **** piety under Trog
  5802 | D:7      | Noticed Menkaure
  5816 | D:7      | Killed Menkaure
  6314 | D:8      | Found Zin's Purification Station.
  6314 | D:8      | Found a glowing silver altar of Zin.
  6319 | D:8      | Bought a potion of curing for 90 gold pieces
  6402 | D:8      | Noticed Psyche
  6409 | D:8      | Killed Psyche
  6538 | D:8      | Reached skill level 5 in Fighting
  6784 | D:8      | Identified the ring "Icry" {rPois rF- rC+ Dex+7}
  7085 | D:9      | You fall into a shaft and drop 2 floors!
  7105 | D:10     | Entered Level 10 of the Dungeon
  7256 | D:6      | Bought a scroll of identify for 28 gold pieces
  7256 | D:6      | Bought a potion of heal wounds for 70 gold pieces
  7256 | D:6      | Bought 2 potions of attraction for 84 gold pieces
  7256 | D:6      | Bought a scroll of identify for 28 gold pieces
  7256 | D:6      | Bought a scroll of identify for 28 gold pieces
  7316 | D:9      | Found a staircase to the Lair.
  7392 | D:9      | Reached XP level 11. HP: 75/99 MP: 10/10
  7401 | D:9      | Reached skill level 10 in Fighting
  8294 | Lair:1   | Entered Level 1 of the Lair of Beasts
  8307 | Lair:1   | Noticed Gastronok
  8323 | Lair:1   | Killed Gastronok
  9766 | Lair:2   | Noticed a death yak
  9936 | D:10     | Noticed a two-headed ogre
  9938 | D:10     | Noticed a two-headed ogre
  9944 | D:10     | Killed a two-headed ogre
  9950 | D:10     | Killed a two-headed ogre
 10827 | D:10     | Found a shadowy altar of Dithmenos.
 10833 | D:10     | Reached skill level 15 in Fighting
 11119 | Lair:2   | Reached XP level 12. HP: 100/119 MP: 11/11
 11869 | Lair:2   | Noticed 7tar4e's ghost (journeyman TrFi)
 11873 | Lair:2   | Found a transporter.
 11876 | Lair:2   | Found a transporter.
 12345 | Lair:3   | Reached ***** piety under Trog
 12700 | Lair:3   | Found a staircase to the Swamp.
 12837 | Lair:3   | Noticed a death yak
 12852 | Lair:3   | Killed a death yak
 12920 | Lair:3   | Found a staircase to the Snake Pit.
 13301 | Lair:3   | Reached XP level 13. HP: 137/137 MP: 12/12
 15352 | Lair:5   | Entered Level 5 of the Lair of Beasts
 15484 | Lair:5   | HP: 6/214 [black mamba (10)]
 15875 | Lair:5   | Found a staircase to the Slime Pits.
 15876 | Lair:5   | Found a viscous altar of Jiyva.
 15924 | Lair:5   | Received a gift from Trog
 16257 | Lair:5   | Reached XP level 14. HP: 111/155 MP: 13/13
 17263 | Lair:5   | Reached skill level 1 in Shields
 17727 | D:11     | Found a broken altar of Ashenzari.
 18069 | D:11     | Reached skill level 5 in Shields
 18294 | D:12     | Reached ****** piety under Trog
 18487 | D:12     | Found a staircase to the Orcish Mines.
 18907 | Orc:1    | Entered Level 1 of the Orcish Mines
 19050 | Orc:2    | Entered Level 2 of the Orcish Mines
 19120 | Orc:2    | Found a staircase to the Elven Halls.
 19143 | Orc:2    | Paralysed by an orc sorcerer for 3 turns
 19544 | Orc:2    | Found Dulapn's Jewellery Boutique.
 19554 | Orc:2    | Identified the +11 war axe "Peejui" {flame, Str+3} (Trog
                  | gifted it to you on level 2 of the Orcish Mines)
 19554 | Orc:2    | Received a gift from Trog
 19583 | Orc:2    | Reached skill level 10 in Shields
 19584 | Orc:2    | Found Ubaik's Armour Emporium.
 19608 | Orc:2    | Found Rifogi Qizo's Weapon Emporium.
 19610 | Orc:2    | Found Mitudes's Weapon Boutique.
 19877 | Orc:2    | Bought a +2 crystal plate armour for 920 gold pieces
 19920 | Orc:2    | Bought an amulet of reflection for 300 gold pieces
 20190 | Orc:2    | Bought the ring of Xom's Full Attention {rF+ Dex+2 SInv}
                  | for 404 gold pieces
 20423 | D:13     | Identified the +3 robe "Foesef" {rC+ Str+3}
 20477 | D:13     | Found a gate leading to a gauntlet.
 20480 | D:13     | Reached XP level 15. HP: 86/165 MP: 14/14
 20489 | Gauntlet | Entered a Gauntlet
 20489 | Gauntlet | Found a transporter.
 20489 | Gauntlet | Found a transporter.
 20498 | Gauntlet | Found a transporter.
 20509 | Gauntlet | Found a transporter.
 20522 | Gauntlet | Found a transporter.
 20532 | Gauntlet | Found a transporter.
 20532 | Gauntlet | Found a transporter.
 20540 | Gauntlet | Found a transporter.
 20575 | Gauntlet | Found a transporter.
 20582 | Gauntlet | Found a transporter.
 20591 | Gauntlet | Found a transporter.
 20626 | Gauntlet | Found a transporter.
 20638 | Gauntlet | Found a transporter.
 20655 | Gauntlet | Found a transporter.
 20755 | Gauntlet | Found a transporter.
 20769 | Gauntlet | Found a transporter.
 21007 | Gauntlet | Received a gift from Trog
 21023 | Gauntlet | Identified the ring "Xedets" {rF+ AC+4 Int-3 SInv}
 21168 | Gauntlet | Identified the amulet of Wilyd {Reflect rC+ rN+ Dex-2
                  | Slay+3 SH+5}
 21388 | Gauntlet | Identified the +8 quarterstaff of Beogh {venom, *Rage rF+++
                  | Int+2}
 21397 | Gauntlet | HP: 11/247 [poisoned by a minotaur]
 21398 | Gauntlet | HP: 1/165 [poisoned by a minotaur]
 21821 | D:13     | Found Nofanuov's Book Boutique.
 21949 | Elf:1    | Entered Level 1 of the Elven Halls
 22490 | Elf:1    | Paralysed by an air elemental for 1 turns
 22569 | Elf:1    | Reached skill level 15 in Shields
 22814 | Elf:1    | Found Bazamoequo's Magic Scroll Emporium.
 22822 | Elf:1    | Bought a scroll of identify for 26 gold pieces
 22822 | Elf:1    | Bought a scroll of identify for 26 gold pieces
 22822 | Elf:1    | Bought a scroll of identify for 26 gold pieces
 22827 | Elf:1    | Bought a scroll of teleportation for 39 gold pieces
 22870 | Elf:1    | Received a gift from Trog
 23058 | Elf:1    | Identified the dragon-blood talisman of a Thousand Queens
                  | {rElec Str-2 SInv Stlth+}
 23299 | Swamp:1  | Entered Level 1 of the Swamp
 24024 | Swamp:2  | Reached skill level 5 in Armour
 24084 | Swamp:2  | Reached XP level 16. HP: 120/174 MP: 15/15
 24703 | Swamp:3  | Received a gift from Trog
 24886 | Swamp:3  | Noticed Roxanne
 24904 | Swamp:3  | Killed Roxanne
 25301 | Swamp:4  | Entered Level 4 of the Swamp
 25521 | Swamp:4  | Reached skill level 5 in Dodging
 25538 | Swamp:4  | HP: 5/177 [four-headed hydra (6)]
 26061 | Swamp:4  | Noticed Mlioglotl
 26070 | Swamp:4  | Killed Mlioglotl
 26125 | Swamp:4  | Noticed a thorn hunter
 26140 | Swamp:4  | Killed a thorn hunter
 26203 | Swamp:4  | Got a decaying rune of Zot
 26399 | Swamp:4  | Reached skill level 10 in Armour
 26649 | Snake:1  | Entered Level 1 of the Snake Pit
 26693 | Snake:1  | Noticed Azrael
 26704 | Snake:1  | Killed Azrael
 26711 | Snake:1  | Identified the serpent talisman "Ijius" {rF- rCorr Stlth+}
 26711 | Snake:1  | Noticed Aizul
 26722 | Snake:1  | Killed Aizul
 27071 | Snake:1  | Reached XP level 17. HP: 185/185 MP: 16/16
 28268 | Snake:2  | Found Xoshe's Magic Scroll Emporium.
 28286 | Snake:2  | Bought a scroll of enchant armour for 105 gold pieces
 28286 | Snake:2  | Bought a scroll of enchant armour for 105 gold pieces
 28286 | Snake:2  | Bought a scroll of teleportation for 42 gold pieces
 28538 | Snake:2  | Received a gift from Trog
 29804 | Snake:3  | Found a radiant altar of Vehumet.
 30173 | Snake:3  | Noticed Jorgrun
 30183 | Snake:3  | Killed Jorgrun
 30370 | Snake:4  | Entered Level 4 of the Snake Pit
 30443 | Snake:4  | Noticed Vashnia
 30451 | Snake:4  | Killed Vashnia
 30489 | Snake:4  | Noticed Saint Roka
 30863 | Snake:4  | Killed Saint Roka
 31012 | Snake:4  | Found Umyskidi's Weapon Emporium.
 31135 | Snake:4  | Reached XP level 18. HP: 38/199 MP: 17/17
 32438 | Snake:4  | Reached skill level 27 in Fighting
 32655 | Snake:4  | Got a serpentine rune of Zot
 33180 | Elf:2    | Paralysed by an air elemental for 1 turns
 33340 | Elf:2    | Paralysed by an air elemental for 1 turns
 33344 | Elf:2    | Paralysed by an air elemental for 1 turns
 33711 | Elf:2    | Found Ceacyr Hiu's Antique Armour Boutique.
 33820 | Elf:2    | Found a runed translucent gate.
 33820 | Elf:2    | Found a runed translucent gate.
 33820 | Elf:2    | Found a runed translucent gate.
 33851 | Elf:2    | Identified the +6 battleaxe of Purpose {flame, rN+ Dex+4}
                  | (Trog gifted it to you on level 2 of the Elven Halls)
 33851 | Elf:2    | Received a gift from Trog
 34262 | Elf:3    | Entered Level 3 of the Elven Halls
 34300 | Elf:3    | Paralysed by an air elemental for 1 turns
 34336 | Elf:3    | Reached XP level 19. HP: 205/205 MP: 10/18
 34338 | Elf:3    | Paralysed by an air elemental for 1 turns
 34643 | Elf:3    | Reached skill level 10 in Dodging
 35381 | Slime:1  | Entered Level 1 of the Pits of Slime
 35388 | Slime:1  | Identified the +4 demon whip of Virtue {flame, Str+2
                  | Stlth+} (Trog gifted it to you on level 1 of the Pits of
                  | Slime)
 35388 | Slime:1  | Received a gift from Trog
 36044 | Slime:2  | Reached skill level 15 in Armour
 36153 | Slime:2  | Gained mutation: Your system is resistant to poisons.
                  | (rPois) [a shining eye]
 36737 | Slime:4  | Gained mutation: You occasionally lose the ability to drink
                  | potions when taking damage. [a shining eye]
 36738 | Slime:4  | Gained mutation: You are clumsy. (Dex -2) [a shining eye]
 36748 | Slime:4  | Reached skill level 1 in Throwing
 36748 | Slime:4  | Gained mutation: You are strong-willed. (Will+) [a shining
                  | eye]
 36795 | Slime:5  | Entered Level 5 of the Pits of Slime
 36995 | Slime:4  | Found a viscous altar of Jiyva.
 37002 | Slime:5  | Noticed the Royal Jelly
 37016 | Slime:5  | Gained mutation: You are weak. (Str -2) [a shining eye]
 37310 | Slime:4  | Lost mutation: You are strong-willed. (Will+) [potion of
                  | mutation]
 37310 | Slime:4  | Lost mutation: Your system is resistant to poisons. (rPois)
                  | [potion of mutation]
 37310 | Slime:4  | Lost mutation: You are weak. (Str -2) [potion of mutation]
 37310 | Slime:4  | Gained mutation: You are weak. (Str -2) [potion of
                  | mutation]
 37310 | Slime:4  | Gained mutation: You have very sharp teeth. [potion of
                  | mutation]
 37311 | Slime:4  | Lost mutation: You have very sharp teeth. [potion of
                  | mutation]
 37311 | Slime:4  | Lost mutation: You occasionally lose the ability to drink
                  | potions when taking damage. [potion of mutation]
 37311 | Slime:4  | Gained mutation: You have hidden genetic potential. [potion
                  | of mutation]
 37311 | Slime:4  | Gained mutation: You are very clumsy. (Dex -4) [potion of
                  | mutation]
 37311 | Slime:4  | Gained mutation: Your mind is acute. (Int +4, Str/Dex -1)
                  | [potion of mutation]
 37368 | Slime:5  | Gained mutation: You are very weak. (Str -4) [a shining
                  | eye]
 37738 | Slime:3  | HP: 2/207 [acid blob/splash of acid (25)]
 38103 | Slime:2  | Lost mutation: You are very weak. (Str -4) [potion of
                  | mutation]
 38103 | Slime:2  | Lost mutation: Your mind is acute. (Int +4, Str/Dex -1)
                  | [potion of mutation]
 38103 | Slime:2  | Lost mutation: You are very clumsy. (Dex -4) [potion of
                  | mutation]
 38617 | D:13     | Found a gate to the Vaults.
 38702 | D:14     | Noticed Louise
 38710 | D:14     | Noticed Kirke
 38725 | D:14     | Killed Kirke
 38734 | D:14     | Killed Louise
 38756 | D:14     | Found an ornate altar of the Wu Jian Council.
 38821 | D:14     | Found Urghig Had's Armour Boutique.
 38952 | D:15     | Entered Level 15 of the Dungeon
 38952 | D:15     | Found an ancient bone altar of Kikubaaqudgha.
 39037 | D:15     | Found Wevosmep's Changing Room.
 39064 | D:15     | Bought a potion of mutation for 128 gold pieces
 39064 | D:15     | Bought a potion of mutation for 128 gold pieces
 39078 | D:15     | Found Zacoascha's Book Shop.
 39387 | D:15     | Found a staircase to the Depths.
 39532 | D:15     | Reached XP level 20. HP: 197/216 MP: 19/19
 39780 | Depths:1 | Entered Level 1 of the Depths
 39840 | Depths:1 | Noticed Asterion
 39848 | Depths:1 | Killed Asterion
 40305 | Depths:1 | Found a stormy altar of Qazlal.
 40651 | Depths:1 | Found a hide-covered altar of Uskayaw.
 40680 | Depths:1 | Found Heushri's Antique Armour Shoppe.
 40698 | Depths:1 | Bought a dazzling scarf for 330 gold pieces
 40698 | Depths:1 | Identified the scarf of Niul {harm, Str+3} (You bought it
                  | in a shop on level 1 of the Depths)
 41103 | Depths:1 | Found a gateway to Hell.
 41394 | Depths:2 | Noticed Mara
 41402 | Depths:2 | Noticed dakkaduck's illusion
 41521 | Depths:2 | Noticed dakkaduck's illusion
 41538 | Depths:2 | Killed Mara
 41543 | Depths:1 | Gained mutation: You have large cloven feet. [hidden
                  | potential]
 42144 | Depths:2 | Found a runed door.
 42435 | Depths:2 | Noticed a dread lich
 42436 | Depths:2 | Noticed an ancient lich
 42441 | Depths:2 | Killed a dread lich
 42720 | Vaults:1 | Entered Level 1 of the Vaults
 42774 | Vaults:1 | Received a gift from Trog
 43169 | Vaults:1 | Reached XP level 21. HP: 166/224 MP: 20/20
 43264 | Vaults:1 | Lost mutation: You have large cloven feet. [potion of
                  | mutation]
 43264 | Vaults:1 | Lost mutation: You are clumsy. (Dex -2) [potion of
                  | mutation]
 43264 | Vaults:1 | Lost mutation: You are weak. (Str -2) [potion of mutation]
 43264 | Vaults:1 | Gained mutation: You are strong-willed. (Will+) [potion of
                  | mutation]
 43264 | Vaults:1 | Gained mutation: You are partially covered in iridescent
                  | scales. (AC +2) [potion of mutation]
 43343 | Vaults:1 | Found Icef's Book Emporium.
 44444 | Vaults:2 | Received a gift from Trog
 44751 | Vaults:2 | Found Ogaet's General Store.
 44762 | Vaults:2 | Bought a scroll of enchant armour for 120 gold pieces
 44762 | Vaults:2 | Bought a scroll of enchant armour for 120 gold pieces
 44889 | Vaults:3 | Found the dreamshard necklace {Acrobat *Dream}
 44917 | Vaults:3 | Gained mutation: You are mostly covered in iridescent
                  | scales. (AC +4) [hidden potential]
 44917 | Vaults:3 | Lost mutation: You have hidden genetic potential. [hidden
                  | potential expressed]
 45039 | Vaults:3 | Found a staircase to the Crypt.
 45309 | Crypt:1  | Entered Level 1 of the Crypt
 45356 | Vaults:3 | Received a gift from Trog
 45850 | Vaults:3 | You fall into a shaft and drop 1 floor!
 45928 | Vaults:4 | Reached XP level 22. HP: 233/233 MP: 21/21
 46134 | Vaults:4 | Received a gift from Trog
 46152 | Vaults:4 | Noticed Jory
 46165 | Vaults:4 | Killed Jory
 46223 | Vaults:4 | Found a crumbling gateway.
 46231 | Desolati | Entered the Desolation of Salt
 46507 | Desolati | Identified the +6 quarterstaff of the Pits of Slime
                  | {antimagic, Str+3 SInv} (Trog gifted it to you in the
                  | Desolation of Salt)
 46507 | Desolati | Received a gift from Trog
 46515 | Desolati | Reached skill level 15 in Dodging
 46837 | Desolati | Identified the ring of Hucvoq {rElec SInv Stlth+}
 46843 | Desolati | Identified the +1 scimitar "Byuzo" {flame, rPois rF+ Str+5}
 46846 | Desolati | Identified the +2 trident of Deun {drain, +Blink rF+
                  | Stlth+}
 46855 | Desolati | Identified the ring "Tenuc" {rF+ AC+4 Int+3 SInv}
 47274 | Vaults:4 | Found a transporter.
 47317 | Vaults:4 | Found a transporter.
 47379 | Vaults:5 | Entered Level 5 of the Vaults
 47379 | Vaults:5 | Found the +2 shield of Resistance {rF++ rC++ Will++}
 47468 | Vaults:5 | Received a gift from Trog
 47489 | Vaults:5 | Noticed a dread lich
 47725 | Vaults:5 | Noticed an ancient lich
 47725 | Vaults:5 | Killed a dread lich
 47968 | Vaults:5 | Killed an ancient lich
 47974 | Vaults:5 | Noticed an ancient lich
 47991 | Vaults:5 | Reached XP level 23. HP: 56/240 MP: 22/22
 47992 | Vaults:5 | HP: 18/360 [poisoned by a tengu reaver (bolt of poison)]
 47994 | Vaults:5 | Killed an ancient lich
 47994 | Vaults:5 | Identified the +4 broad axe of Sloth {flame, rF+ Dex+6}
                  | (Trog gifted it to you on level 5 of the Vaults)
 47994 | Vaults:5 | Received a gift from Trog
 47995 | Vaults:5 | HP: 2/360 [yaktaur captain/bolt (9)]
 47996 | Vaults:4 | Saved by the dreamshard amulet
 47999 | Vaults:4 | Reached skill level 27 in Axes
 49172 | Vaults:5 | Identified the ring of Hiqurir {rPois rCorr Stlth+}
 49410 | Vaults:5 | Identified the -1 buckler "Qigh" {Will+}
 49535 | Vaults:5 | Identified a scroll of acquirement
 49543 | Vaults:5 | Acquired 559 gold pieces
 49561 | Vaults:5 | Got a silver rune of Zot
 50449 | Vaults:4 | Identified the +10 war axe "Orb Guardian's Regret" {flame,
                  | rC+++ rCorr Str+2 Dex-4} (Trog gifted it to you on level 4
                  | of the Vaults)
 50449 | Vaults:4 | Received a gift from Trog
 51535 | Elf:2    | Identified the blade talisman "Ameynoex" {rPois rC- Str+6
                  | Int-4}
 51729 | Abyss:2  | Cast into level 2 of the Abyss (a deep elf demonologist)
 51976 | Abyss:4  | Found a glowing golden altar of the Shining One.
 52005 | Abyss:4  | Noticed a juggernaut
 52012 | Abyss:4  | Killed a juggernaut
 52016 | Abyss:4  | Got an abyssal rune of Zot
 52020 | Elf:3    | Escaped the Abyss
 52030 | Elf:3    | Received a gift from Trog
 52210 | Elf:3    | Paralysed by an orc sorcerer for 3 turns
 52519 | Elf:3    | Reached skill level 27 in Armour
 52526 | Elf:3    | Identified the ring "Fiedopp" {Will+ Dex+6}
 52541 | Elf:3    | Reached XP level 24. HP: 222/249 MP: 20/22
 52544 | Elf:3    | Paralysed by an air elemental for 1 turns
 52600 | Elf:3    | Identified the +3 dire flail of Huntumn {distort, *Corrode
                  | +Blink rC+ Int+3}
 52637 | Elf:3    | Identified the +10 arbalest "Hell-Harrower" {elec, rElec
                  | Int+2 SInv}
 52675 | Elf:3    | Identified the +3 battleaxe of Fedhas, Lusting {freeze, rC+
                  | Will++ Dex+4}
 52771 | Elf:3    | Received a gift from Trog
 53307 | Orc:1    | Found Inahed's Assorted Antiques.
 54335 | Hell     | Entered the Vestibule of Hell
 54335 | Hell     | Noticed Geryon
 54339 | Hell     | Noticed Murray
 54921 | Depths:2 | Found a one-way gate leading to the halls of Pandemonium.
 54968 | Depths:2 | Received a gift from Trog
 55012 | Depths:2 | Killed an ancient lich
 55013 | Depths:2 | Reached skill level 5 in Throwing
 55037 | Depths:2 | Identified the +5 demon trident of Defiance {antimagic,
                  | Will+}
 55038 | Depths:2 | Identified the ring of Lilacs {Will+ rCorr Str-5 Dex+5}
 55301 | Depths:2 | Identified the -1 pair of boots "Ekohau" {rF+ Will+ Int-5
                  | SInv}
 55329 | Depths:2 | Identified the +8 arbalest of Turmoil {flame, Will+ rCorr}
 55562 | Depths:3 | Found a one-way gate to the infinite horrors of the Abyss.
 55955 | Depths:3 | Found Cuefruog's Assorted Antiques.
 55962 | Depths:3 | Received a gift from Trog
 55967 | Depths:3 | Bought a potion of curing for 81 gold pieces
 56240 | Depths:3 | Noticed an ancient lich
 56251 | Depths:3 | Killed an ancient lich
 56951 | Depths:4 | Entered Level 4 of the Depths
 57040 | Depths:4 | Received a gift from Trog
 57219 | Depths:4 | Identified the +0 robe of Lesy {SInv}
 57322 | Depths:4 | Found a one-way gateway to a ziggurat.
 57572 | Depths:4 | Found a gate to the Realm of Zot.
 58098 | Zot:1    | Entered Level 1 of the Realm of Zot
 58098 | Zot:1    | Noticed a juggernaut
 58104 | Zot:1    | Reached XP level 25. HP: 246/257 MP: 22/22
 58108 | Zot:1    | Killed a juggernaut
 58108 | Zot:1    | Noticed a Killer Klown
 58114 | Zot:1    | Noticed a Killer Klown
 58118 | Zot:1    | Noticed a Killer Klown
 58129 | Zot:1    | Lost intelligence.
 58135 | Zot:1    | Killed a Killer Klown
 58149 | Zot:1    | Killed a Killer Klown
 58149 | Zot:1    | Killed a Killer Klown
 58423 | Hell     | Killed Murray
 59147 | Zot:1    | Received a gift from Trog
 59188 | Zot:1    | Noticed Grunn
 59199 | Zot:1    | Killed Grunn
 59214 | Zot:1    | HP: 19/385 [putrid mouth][a doom hound] (3)]
 59215 | Zot:1    | HP: 1/257 [poisoned by a putrid mouth (dark miasma)]
 59237 | Zot:1    | HP: 9/253 [???[a doom hound] (6)]
 59250 | Zot:1    | HP: 9/252 [???[a doom hound] (4)]
 60225 | Zot:2    | Found a transporter.
 60226 | Zot:2    | Noticed Skimidon's ghost (legendary OnAr)
 60231 | Zot:2    | Noticed a shard shrike
 60232 | Zot:2    | Noticed a shard shrike
 60551 | Zot:2    | Found a transporter.
 60556 | Zot:2    | Noticed an orb of fire
 60557 | Zot:2    | Gained mutation: You occasionally shout uncontrollably at
                  | your foes. [an orb of fire]
 60562 | Zot:2    | Gained mutation: Your body sometimes deteriorates upon
                  | taking damage. [an orb of fire]
 60563 | Zot:2    | Killed an orb of fire
 60600 | Zot:2    | Identified the ring "Kauf" {Ice Str+2}
 60600 | Zot:2    | Noticed Josephina
 60616 | Zot:2    | Killed Josephina
 60632 | Zot:2    | Received a gift from Trog
 60681 | Zot:2    | Identified the +1 flail "Kusif" {drain, rC+ Int-5 SInv}
 60972 | Zot:2    | Reached skill level 10 in Throwing
 61510 | Zot:2    | Reached XP level 26. HP: 242/266 MP: 22/22
 61517 | Zot:2    | Received a gift from Trog
 61912 | Zot:2    | Killed Skimidon's ghost
 61914 | Zot:2    | Identified the ring "Tykergha" {rPois rN++ Str-4 Slay+4
                  | SInv}
 61916 | Zot:2    | Identified the ring "Suos" {Fire rN+ Will++}
 61918 | Zot:2    | Identified the +1 rapier of Harmony {freeze, Int+3}
 62346 | Zot:3    | Reached skill level 27 in Shields
 63475 | Zot:4    | Lost intelligence.
 63476 | Zot:4    | Killed from afar by a red draconian scorcher

Illustrated notes

Levels and vault maps discovered:
D:1:      minmay_arrival_cross, layout_basic
D:2:      layout_loops_cross, hangedman_decor_peaks_small, minmay_pentomino_t4,
          uniq_crazy_yiuf_cottage
D:3:      layout_loops_ring, mainiacjoe_overflow_small_starburst, uniq_natasha,
          uniq_jessica, uniq_ijyb
D:4:      layout_rooms, reono_crystal_passage, uniq_pikel
D:5:      minmay_razor_zed, layout_rooms, gup_sewer_entry_glass, nrook_campfire,
          uniq_grinder
D:6:      layout_layer_cave, elyvilon_altar_5, minmay_temple_entry_hall,
          serial_shops, nicolae_shop_trees, uniq_maggie, uniq_eustachio
D:7:      layout_cave_pods, kennysheep_generic_room_7, uniq_menkaure
D:8:      layout_gridville, zin_purify, uniq_psyche
D:9:      layout_loops_corners, erik_lair_orcish_takeover
D:10:     layout_gridville, grunt_dithmenos_shadows
D:11:     layout_irregular_city, portal_ice_cave_demonic_guard,
          evilmike_ruin_ashenzari
D:12:     layout_irregular_city, david_orc_2
D:13:     layout_basic, grunt_vaults_entry_fortified, serial_shops,
          nicolae_shop_crystal, gauntlet_entry_generic
D:14:     layout_big_octagon, amcnicky_mini_pool_small, serial_shops,
          kennysheep_mini_moat, nicolae_wu_jian_wuxing_cycle, uniq_kirke,
          uniq_louise
D:15:     grunt_enter_depths_giant_problem, layout_basic, serial_shops, shop,
          nicolae_transmutations_shop, kiku_gazebo_garden_becter
Lair:1:   layout_regular_city, infiniplex_staircase_pool, uniq_gastronok
Lair:2:   layout_chaotic_city, gammafunk_ghost_arena
Lair:3:   layout_long_grid, minmay_swamp_entry_worms, dummy_snake_entry,
          st_stairs_6, minivault_11, roderic_batcave, serial_bayou_crossing,
          serial_bayou_shore_a, serial_bayou_shore_b, grunt_megastairs_2
Lair:4:   layout_gridlike, lemuel_fruit_tree, grunt_megastairs_4
Lair:5:   minmay_lair_end_enchanted_forest, layout_gridlike, slime_entry_1,
          hellmonk_talismancer
Swamp:1:  layout_basic_swamp, nicolae_swamp_treefoil
Swamp:2:  layout_basic_swamp, evilmike_swamp_ruin_wall,
          nicolae_swamp_tree_isthmus
Swamp:3:  layout_basic_swamp, evilmike_swamp_ruin_house_4,
          infiniplex_staircase_pool_2, nicolae_swamp_decorative_isthmus,
          uniq_roxanne
Swamp:4:  swamp_alternative, layout_basic_swamp, uniq_mlioglotl
Snake:1:  layout_basic, nicolae_triple_integral, uniq_aizul, uniq_azrael
Snake:2:  layout_layer_cave, serial_shops, shop,
          nrook_guardian_serpent_ordinary, nicolae_integral_box
Snake:3:  layout_onion_interference, basic_altar, grunt_ministairs_10,
          uniq_jorgrun
Snake:4:  snake_pit_salamanders_mu, layout_onion, serial_shops, shop,
          nicolae_snake_naga_rites, uniq_vashnia, uniq_saint_roka
Slime:1:  layout_caves, cheibrodos_slime_lost_civilization_4
Slime:2:  layout_caves, nicolae_slime_phagocytosis
Slime:3:  layout_caves
Slime:4:  layout_caves, basic_altar
Slime:5:  slime_pit_nicolae_inversion
Orc:1:    layout_diamond_mine, serial_shops, nicolae_shop_tiny_waterfront
Orc:2:    st_orc_elflike, layout_caves
Elf:1:    nicolae_elf_arrival_fired_up, layout_gridlike, serial_shops,
          nicolae_shop_waterfront, nicolae_elf_shapeshifter_party,
          grunt_ministairs_9, nicolae_elf_deep_friendship
Elf:2:    nicolae_elf_blades_splatter_lattice [nicolae_blade_bullseye],
          layout_geoelf_grid, serial_shops, shop
Elf:3:    grunt_elf_hall_spiral, layout_geoelf_octagon
Vaults:1: vaults_room_fancy_cross, nicolae_vaults_c_with_doors,
          nicolae_vaults_trapezoid_lopsided_4, nicolae_vaults_shelves_hall,
          nicolae_vaults_ring_of_whatevers, layout_vaults_omnigrid,
          serial_shops, nicolae_shop_window_shopping
Vaults:2: nicolae_vaults_house_3, nicolae_vaults_tetromino_Z_1,
          nicolae_vaults_circle_grid_b, vaults_mumra_hexcomb,
          nicolae_vaults_trapezoid_2, v_misc_1,
          hangedman_vaults_stretched_pinwheel, vaults_standard_mumra_x,
          ontoclasm_vaults_ligature, nicolae_vaults_yaktaur_gun_rack,
          vaults_room_corners, v_rooms_1, nicolae_vaults_asterisk,
          layout_vaults_maze_snakey, serial_shops, nicolae_shop_waterfront
Vaults:3: nicolae_vaults_twisting_passages, hangedman_vaults_nails,
          nicolae_vaults_specimen_jars, ontoclasm_vaults_ring_square,
          nicolae_vaults_tetromino_L_2, dpeg_vaults_monster_box,
          nicolae_vaults_asterisk, vaults_room_octagon,
          nicolae_vaults_little_squares_5, minmay_crypt_entry_simple_round,
          nicolae_vaults_three_branches, vaults_room_pools, v_misc_25,
          special_room_vaults [special_room_orc], nicolae_vaults_rhombus_6,
          layout_vaults_big_room
Vaults:4: portal_desolation_entry_garden, nicolae_vaults_double_plus_3,
          nicolae_vaults_mitosis, vaults_mumra_minichess_inversion,
          nicolae_vaults_disjoint_gnomons, ontoclasm_vaults_shuriken,
          gammafunk_its_a_trap, nicolae_vaults_little_squares_5,
          hangedman_vaults_pinch, v_misc_1, v_misc_32,
          hangedman_vaults_corner_blocks, layout_vaults_omnibox, uniq_jory
Vaults:5: serial_shops
Crypt:1:  layout_gridlike, uniq_donald
Depths:1: layout_gridville, grunt_hell_horde, serial_shops, shop,
          grunt_qazlal_clouds, nrook_mini_vaults, minmay_misc_feat_tower,
          kennysheep_big_empty_room, minmay_stone_trees_large,
          hangedman_decor_growths, nicolae_uskayaw_en_pointe, uniq_asterion
Depths:2: evilmike_wizard_prison, layout_cave_shapes, bh_walls_and_bars,
          grunt_pan_entry_in_and_out, hell_entry,
          minmay_staircase_statues_hall_small, uniq_mara
Depths:3: minmay_tearing_corner, layout_cave_pools, abyss_entry, hell_entry,
          serial_shops, nicolae_shop_getting_attention, grunt_decor_fettered,
          kennysheep_small_spiral
Depths:4: evilmike_zot_entry_round, layout_cave_shapes, enter_ziggurat_f,
          minmay_misc_feat_rugged, pf_coc_iceberg
Hell
Zot:1:    ebering_greatest_show_in_zot, layout_misc_corridors,
          regret_index_zotdec_onion_hex, uniq_grunn
Zot:2:    cheibrodos_zot_enchanting_chambers, layout_misc_corridors,
          gammafunk_ghost_berserking_beasts, uniq_josephina
Zot:3:    layout_cathedral_of_symmetry, drop_trap
Zot:4:    layout_gridville, grunt_ministairs_11, uniq_tiamat

Skill      XL: |  1  2  3  4  5  6  7  8  9 10 11 12 13 14 15 16 17 18 19 20 21 22 23 24 25 26 |
---------------+-------------------------------------------------------------------------------+-----
Axes           | 4 5 6 7 8 9 12 14 17 18 19 21 23 26 27 | 27.0
Fighting       | 9 15 19 22 23 25 26 27 | 27.0
Shields        | 11 15 16 21 25 27 | 27.0
Armour         | 5 10 11 13 18 21 23 27 | 27.0
Dodging        | 3 5 6 9 11 13 14 15 18 19 20 | 20.3
Throwing       | 3 7 10 13 | 13.1

Action                     |  1- 3 |  4- 6 |  7- 9 | 10-12 | 13-15 | 16-18 | 19-21 | 22-24 | 25-27 || total
---------------------------+-------+-------+-------+-------+-------+-------+-------+-------+-------++-------
  Melee: Hand axe          |    76 |   133 |   264 |    96 |       |       |       |       |       ||   569
         Headbutt          |     9 |    19 |    49 |    98 |   166 |   210 |   320 |   270 |   169 ||  1310
         Punch             |       |     3 |     3 |     4 |     7 |       |       |       |       ||    17
         War axe           |       |       |       |   123 |   284 |   888 |   393 |       |       ||  1688
         Broad axe         |       |       |       |   326 |   361 |       |   655 |  1038 |   575 ||  2955
         Executioner's axe |       |       |       |       |   122 |       |       |       |       ||   122
         Flail             |       |       |       |       |    16 |       |       |       |       ||    16
  Throw: Boomerang         |       |       |       |       |       |       |    94 |     1 |       ||    95
         Throwing net      |       |       |       |       |       |       |     4 |       |       ||     4
 Invoke: Berserk           |     1 |     3 |     7 |    16 |    16 |    16 |    17 |     8 |    14 ||    98
         Trog's Hand       |       |     1 |     1 |     2 |    12 |     6 |    12 |     3 |     3 ||    40
         Brothers in Arms  |       |       |       |       |     3 |    12 |     7 |     7 |     1 ||    30
  Evoke: Wand              |       |       |       |       |       |       |     4 |     6 |       ||    10
         Lightning rod     |       |       |       |       |       |       |     1 |       |       ||     1
         Sack of spiders   |       |       |       |       |       |       |     1 |       |       ||     1
         Phantom mirror    |       |       |       |       |       |       |     1 |       |       ||     1
    Use: Scroll            |       |       |       |     1 |    42 |     7 |    20 |    10 |     3 ||    83
         Potion            |       |       |       |       |     1 |     3 |    11 |     2 |    11 ||    28
   Stab: Sleeping          |     1 |       |       |       |       |       |       |       |       ||     1
         Confused          |       |       |       |       |       |     1 |       |       |       ||     1
         Distracted        |       |       |       |       |       |     1 |       |       |       ||     1
 Armour: Animal skin       |    38 |    12 |       |       |       |       |       |       |       ||    50
         Plate armour      |       |    83 |   164 |   506 |   575 |       |       |       |       ||  1328
         Skin              |       |     7 |       |       |       |       |       |       |       ||     7
         Crystal plate arm |       |       |       |       |   229 |   650 |   619 |   618 |   551 ||  2667
  Dodge: Dodged            |    45 |    33 |    74 |   141 |   241 |   165 |   233 |   277 |   185 ||  1394
  Block: Buckler           |       |       |       |       |   170 |   168 |       |       |       ||   338
         Reflection        |       |       |       |       |    11 |   142 |    73 |    67 |    11 ||   304
         Tower shield      |       |       |       |       |       |   566 |  1068 |  1195 |   838 ||  3667
         Kite shield       |       |       |       |       |       |    97 |       |       |       ||    97
